 Dungeon Crawl Stone Soup version 0.30-b1-2-g02819fbbbe (webtiles) character file.

Game seed: 14468423776964145337

5906 Metae the Protected (level 10, -6/90 HPs)
             Began as a Minotaur Fighter on June 30, 2023.
             Was a Believer of Uskayaw.
             Mangled by a komodo dragon (12 damage)
             ... while paralysed by a centaur
             ... on level 9 of the Dungeon on July 1, 2023.
             The game lasted 00:19:14 (8438 turns).

Metae the Protected (Minotaur Fighter)              Turns: 8438, Time: 00:19:14

Health: -6/90      AC: 16    Str: 20    XL:     10   Next: 53%
Magic:  13/13      EV:  2    Int:  5    God:    Uskayaw [**....]
Gold:   603        SH:  0    Dex: 16    Spells: 9/9 levels left

rFire   . . .        y - +6 whip "Liplyfro" {flame, rElec rN+ Str-5}
rCold   . . .        c - +0 buckler
rNeg    + . .        C - +0 plate armour
rPois   .            (helmet restricted)
rElec   +            E - +0 cloak
rCorr   .            r - +0 pair of gloves
SInv    .            (no boots)
Will    .....        b - amulet of regeneration Stlth
                     n - +6 ring of dexterity
HPRegen 1.15/turn    (no ring)
MPRegen 0.13/turn

%: no passive effects
@: paralysed
A: horns 2, retaliatory headbutt
a: Renounce Religion, Stomp, Line Pass


You were on level 9 of the Dungeon.
You worshipped Uskayaw.
Uskayaw was noncommittal.
You visited 2 branches of the dungeon, and saw 10 of its levels.

You collected 603 gold pieces.

Inventory:

Hand Weapons
 t - a +3 dagger of freezing
 y - the +6 whip "Liplyfro" (weapon) {flame, rElec rN+ Str-5}
   (You found it on level 4 of the Dungeon)

   Str:       It affects your strength (-5).
   rElec:     It insulates you from electricity.
   rN:        It protects you from negative energy.
Missiles
 i - 11 poisoned darts (quivered)
 H - 10 javelins
Armour
 c - a +0 buckler (worn)
 r - a +0 pair of gloves (worn)
 C - a +0 plate armour (worn)
 E - a +0 cloak (worn)
Jewellery
 b - an amulet of regeneration (around neck)
 e - an amulet of faith
 n - a +6 ring of dexterity (left hand)
Wands
 a - a wand of digging (6)
 v - a wand of polymorph (11)
 K - a wand of iceblast (12)
Scrolls
 g - 7 scrolls of teleportation {unknown}
 h - 3 scrolls of vulnerability {unknown}
 l - a scroll of enchant armour {unknown}
 m - 6 scrolls of identify {unknown}
 o - 2 scrolls of amnesia {unknown}
 q - 3 scrolls of silence {unknown}
 s - a scroll of butterflies {unknown}
 w - 2 scrolls of blinking {unknown}
 x - a scroll of brand weapon {unknown}
 A - 4 scrolls of fear {unknown}
 L - a scroll of magic mapping {unknown}
 M - a scroll of enchant weapon {unknown}
 N - a scroll of torment {unknown}
 P - a scroll of immolation {unknown}
 Q - a scroll of poison {unknown}
Potions
 d - a potion of might
 f - 5 potions of curing
 j - 2 potions of degeneration {unknown}
 k - 2 potions of lignification {unknown}
 p - a potion of attraction {unknown}
 u - a potion of brilliance {unknown}
 z - a potion of cancellation {unknown}
 B - a potion of invisibility {unknown}
 D - 2 potions of haste {unknown}
 F - a potion of resistance
 G - 2 potions of mutation {unknown}
 I - a potion of flight {unknown}
 J - 2 potions of magic {unknown}
 O - a potion of heal wounds {unknown}


   Skills:
 + Level 8.7 Fighting
 - Level 7.0 Short Blades
 + Level 2.3 Maces & Flails
 + Level 8.8 Armour
 + Level 7.1 Dodging
 + Level 8.7 Shields
 + Level 5.7 Invocations


You had 9 spell levels left.
You didn't know any spells.
Your spell library contained the following spells:

 Spells                   Type           Power      Damage    Failure   Level
 Magic Dart               Conj           0%         1d3       100%        1
 Call Imp                 Summ           0%         N/A       100%        2
 Mephitic Cloud           Conj/Pois/Air  0%         N/A       100%        3
 Ozocubu's Armour         Ice            0%         N/A       100%        3
 Tukima's Dance           Hex            0%         N/A       100%        3
 Passage of Golubria      Tloc           0%         N/A       100%        4
 Metabolic Englaciation   Hex/Ice        0%         N/A       100%        5
 Silence                  Hex/Air        0%         N/A       100%        5
 Yara's Violent Unravell  Hex/Tmut       0%         3d3       100%        5
 Simulacrum               Ice/Necr       0%         N/A       100%        6
 Lehudib's Crystal Spear  Conj/Erth      0%         10d2      100%        8


Dungeon Overview and Level Annotations

Branches:
Dungeon (9/15)             Temple (1/1) D:4
   Lair: D:8-11         Orc: D:9-12

Altars:
Ashenzari
Cheibriados
Dithmenos
Elyvilon
Fedhas
Gozag
Hepliaklqana
Kikubaaqudgha
Makhleb
Okawaru
Qazlal
Ru
Sif Muna
Trog
Uskayaw
Wu Jian
Xom
Yredelemnul
The Shining One

Annotations:
D:3 2 transporters, NimIero's ghost, amateur AtBe


Innate Abilities, Weirdness & Mutations

You have a pair of horns on your head.
You reflexively headbutt those who attack you in melee.


Message History

A centaur comes into view. It is carrying a wand of paralysis (4).
The steam dragon bites you. You block the steam dragon's attack.
You hit the komodo dragon. You burn the komodo dragon.
The komodo dragon is moderately wounded.
The komodo dragon bites you!
The centaur wields a +0 shortbow.
The centaur shoots an arrow.
The arrow barely misses you. The steam dragon barely misses you.
You furiously retaliate!
You headbutt the steam dragon! The steam dragon barely misses you.
You can now pass through a line of other dancers.
You hit the steam dragon. You burn the steam dragon.
The steam dragon is severely wounded.
You are engulfed in a cloud of scalding steam.
The komodo dragon bites you!!
The centaur shoots an arrow.
You block the arrow. The steam dragon breathes steam at you.
The ball of steam hits you!
You closely miss the steam dragon.
The steam dragon is severely wounded.
The centaur shoots an arrow.
You block the arrow.
The komodo dragon bites you but does no damage.
The centaur zaps a wand.
You suddenly lose the ability to move!
The steam dragon barely misses you. x2
The komodo dragon bites you!
The centaur shoots an arrow.
The arrow hits you but does no damage.
The steam dragon bites you but does no damage.
The steam dragon claws you but does no damage.
The centaur shoots an arrow.
The arrow hits you.
The komodo dragon bites you but does no damage.
The centaur shoots an arrow.
The arrow hits you. The steam dragon completely misses you.
The steam dragon claws you.
The komodo dragon bites you but does no damage.
The centaur shoots an arrow.
The arrow hits you! The steam dragon breathes steam at you.
The ball of steam hits you!
* * * LOW HITPOINT WARNING * * *
You are engulfed in a cloud of scalding steam.
* * * LOW HITPOINT WARNING * * *
The centaur shoots an arrow.
The arrow hits you.
* * * LOW HITPOINT WARNING * * *
The komodo dragon bites you!
You die...

#..........#
#........
###.########
#........ #.# #§###
#.##'#### #.# ####§
##.##..##
#.###..####..###..#
#.#§#._.....## ##.#
######'###..######
##'##
#...c...§§####§#
#....
....####.@.#§###
#.... .. #.Dl###
#.... #...<. +....
........ #....
..........# #....
P..........+ #....
...#........# #....
PPP###########
#####


You could see a komodo dragon, a steam dragon and a centaur.

Vanquished Creatures
  2 two-headed ogres
  Pikel (D:6)
  6 yaks (D:7)
  A wyvern (D:7)
  Eustachio (D:4)
  Edmund (D:4)
  A water moccasin (D:7)
  Duvessa (D:7)
  3 ice beasts
  2 orc warriors
  3 centaurs
  Blork the orc (D:4)
  A bullfrog (D:7)
  A gnoll sergeant (D:8)
  5 scorpions
  Dowan (D:7)
  4 wights (D:9)
  8 killer bees
  A howler monkey (D:5)
  4 hounds
  2 jellies (D:5)
  3 orc priests
  3 sleepcaps
  4 iguanas
  Terence (D:3)
  A gnoll bouda (D:5)
  3 orc wizards
  Natasha (thrice) (D:3)
  9 gnolls
  11 adders
  2 white imps (D:7)
  2 dart slugs
  14 orcs
  7 endoplasms
  A giant cockroach (D:2)
  9 goblins
  6 hobgoblins
  8 jackals
  5 kobolds (D:1)
  5 quokkas
  6 ball pythons
  8 bats
  4 frilled lizards
  10 rats
175 creatures vanquished.

Vanquished Creatures (others)
  25 plants (D:9)
25 creatures vanquished.

Grand Total: 200 creatures vanquished

Notes
Turn   | Place    | Note
-------+----------+-------------------------------------------
     0 | D:1      | Metae the Minotaur Fighter began the quest for the Orb.
     0 | D:1      | Reached XP level 1. HP: 19/19 MP: 0/0
    96 | D:1      | Reached XP level 2. HP: 20/27 MP: 1/1
   247 | D:1      | You fall into a shaft and drop 1 floor!
   263 | D:2      | Reached skill level 1 in Dodging
   265 | D:2      | Reached XP level 3. HP: 33/33 MP: 2/2
   739 | D:1      | Reached XP level 4. HP: 39/40 MP: 3/3
  1404 | D:3      | Found a white marble altar of Elyvilon.
  1407 | D:3      | Noticed Natasha
  1415 | D:3      | Killed Natasha
  1521 | D:3      | Noticed NimIero's ghost (amateur AtBe)
  1522 | D:3      | Found a transporter.
  1522 | D:3      | Noticed an ogre
  1522 | D:3      | Noticed an ogre
  1523 | D:3      | Found a transporter.
  1523 | D:3      | Noticed an ogre
  1759 | D:3      | Noticed Natasha
  1768 | D:3      | Killed Natasha
  1769 | D:3      | Reached XP level 5. HP: 45/47 MP: 4/4
  1797 | D:3      | Found a faded altar of an unknown god.
  1798 | D:3      | Noticed Natasha
  1800 | D:3      | Killed Natasha
  1910 | D:3      | Noticed Terence
  1922 | D:3      | Killed Terence
  2066 | D:3      | Found a burning altar of Makhleb.
  2135 | D:3      | Found a bloodstained altar of Trog.
  2286 | D:4      | Reached XP level 6. HP: 53/55 MP: 5/5
  2380 | D:4      | Reached skill level 5 in Fighting
  2380 | D:4      | Reached skill level 5 in Armour
  2414 | D:4      | Found a staircase to the Ecumenical Temple.
  2435 | Temple   | Entered the Ecumenical Temple
  2483 | Temple   | Became a worshipper of Uskayaw the Reveller
  2511 | D:4      | Noticed Edmund
  2517 | D:4      | Reached * piety under Uskayaw
  2523 | D:4      | HP: 1/56 [Edmund/+3 heavy flail (13)]
  2527 | D:4      | Reached ** piety under Uskayaw
  2529 | D:4      | Killed Edmund
  2529 | D:4      | Reached *** piety under Uskayaw
  2530 | D:4      | Reached skill level 5 in Shields
  2920 | D:4      | Noticed Eustachio
  2922 | D:4      | Found an ancient bone altar of Kikubaaqudgha.
  2994 | D:3      | Reached skill level 1 in Invocations
  3133 | D:4      | Reached **** piety under Uskayaw
  3138 | D:4      | Reached ***** piety under Uskayaw
  3143 | D:4      | Killed Eustachio
  3144 | D:4      | Reached XP level 7. HP: 48/61 MP: 5/7
  3340 | D:4      | Noticed Blork the orc
  3351 | D:4      | Killed Blork the orc
  3423 | D:4      | Identified the +6 whip "Liplyfro" {flame, rElec rN+ Str-5}
  3987 | D:5      | Entered Level 5 of the Dungeon
  4442 | D:5      | Reached XP level 8. HP: 64/70 MP: 8/8
  4576 | D:5      | Found a shadowy altar of Dithmenos.
  4694 | D:5      | Found an iron altar of Okawaru.
  5111 | D:6      | Reached skill level 5 in Short Blades
  5362 | D:6      | Noticed Pikel
  5379 | D:6      | Killed Pikel
  5380 | D:6      | Reached skill level 5 in Dodging
  5380 | D:6      | Reached XP level 9. HP: 66/78 MP: 10/10
  5824 | D:6      | Identified the +0 leather armour "Huroech" {rPois Str+3}
  5929 | D:7      | Noticed Duvessa
  5929 | D:7      | Noticed Dowan
  5949 | D:7      | Killed Duvessa
  5955 | D:7      | Killed Dowan
  6079 | D:7      | Reached ****** piety under Uskayaw
  6239 | D:7      | Noticed a two-headed ogre
  6253 | D:7      | Killed a two-headed ogre
  6254 | D:7      | Reached skill level 5 in Invocations
  6254 | D:7      | Reached XP level 10. HP: 38/88 MP: 12/12
  6308 | D:7      | Found a hazy altar of Hepliaklqana.
  6492 | D:7      | Found a shimmering altar of Xom.
  8230 | D:9      | Reached skill level 1 in Maces & Flails
  8233 | D:9      | Noticed a two-headed ogre
  8238 | D:9      | Killed a two-headed ogre
  8385 | D:9      | Found an ornate altar of the Wu Jian Council.
  8434 | D:9      | Paralysed by a centaur for 5 turns
  8438 | D:9      | Mangled by a komodo dragon

Illustrated notes

Levels and vault maps discovered:
D:1:      dpeg_arrival_yet_another_circle, layout_rooms
D:2:      layout_basic
D:3:      layout_basic, elyvilon_altar_4, mainiacjoe_overflow_swirl,
          basic_ecumenical_altar, gammafunk_ghost_smash, uniq_terence,
          uniq_natasha
D:4:      layout_layer_cave, kiku_gazebo_pond_becter, minmay_temple_entry_ruins,
          serial_rivers, chequers_serial_rivers_micro_e,
          chequers_serial_rivers_small_a, chequers_serial_rivers_micro_c,
          chequers_serial_rivers_room_b, chequers_serial_rivers_micro_a,
          nicolae_kite_square_tiling_tiny, uniq_edmund, uniq_blork_the_orc,
          uniq_eustachio
D:5:      layout_basic, kennysheep_okawaru_gauntlet,
          mainiacjoe_overflow_concentric_impassable, abandoned_shop
D:6:      minmay_skewed_foursquare, layout_loops_ring, lightli_orcish_oven,
          uniq_pikel
D:7:      layout_basic, mainiacjoe_overflow_brackets, kennysheep_little_box,
          eino_jars, uniq_duvessa
D:8:      layout_layer_cave, lemuel_flamethrower_2
D:9:      layout_roguey, pdpol_wu_jian_five_deadly_venoms, david_lair_shrubbed,
          kennysheep_nub, uniq_grum
Temple:   nicolae_temple_bog_church

Skill      XL: |  1  2  3  4  5  6  7  8  9 10 |
---------------+-------------------------------+-----
Dodging        | 1 2 3 4 5 6 7 |  7.1
Fighting       | 4 5 6 8 |  8.7
Armour         | 4 5 6 7 8 |  8.8
Shields        | 4 5 6 7 8 |  8.7
Short Blades   | 3 4 5 6 7 |  7.0
Invocations    | 1 2 3 5 |  5.7
Maces & Flails | 2 |  2.3

Action                     |  1- 3 |  4- 6 |  7- 9 | 10-12 || total
---------------------------+-------+-------+-------+-------++-------
  Melee: Rapier            |    88 |    23 |       |       ||   111
         Headbutt          |    20 |    21 |    73 |    22 ||   136
         Dagger            |       |   131 |   285 |    31 ||   447
         Unarmed           |       |    10 |       |       ||    10
         Whip              |       |       |       |    71 ||    71
  Throw: Dart              |       |       |     2 |       ||     2
    Use: Potion            |       |     2 |       |       ||     2
   Stab: Paralysed         |       |     1 |    11 |     6 ||    18
 Armour: Scale mail        |    44 |    45 |     7 |       ||    96
         Chain mail        |       |       |    28 |       ||    28
         Plate armour      |       |       |    41 |    72 ||   113
  Dodge: Dodged            |    44 |   164 |    76 |    56 ||   340
  Block: Buckler           |    16 |    48 |    55 |    41 ||   160
